 Dungeon Sprint DCSS version 0.24-a0-536-gdd4cf15 (webtiles) character file.

Game seed: 2459413810434795175

1041 Faca the Impaler (level 8, -18/79 HPs)
             Began as a Merfolk Gladiator on Aug 13, 2019.
             Was an Elder of the Shining One.
             Demolished by Erolcha
             ... wielding a +0 giant spiked club
              (26 damage)
             ... in the Dungeon (Sprint IX: "|||||||||||||||||||||||||||||").
             The game lasted 00:02:38 (605 turns).

Faca the Impaler (Merfolk Gladiator)                 Turns: 605, Time: 00:02:39

Health: -18/79     AC: 13    Str: 16    XL:     8   Next: 25%
Magic:  8/8        EV: 14    Int:  8    God:    the Shining One [****..]
Gold:   0          SH:  0    Dex: 18    Spells: 7/7 levels left

rFire    . . .     SeeInvis .   o - +2 halberd (protect)
rCold    . . .     Gourm    .   (shield currently unavailable)
rNeg     + + .     Faith    .   b - +0 leather armour
rPois    .         Spirit   .   c - +0 helmet
rElec    .         Reflect  .   (no cloak)
rCorr    .         Harm     .   (no gloves)
MR       .....     NoTele   +   (no boots)
Stlth    +.........             (no amulet)
HPRegen  0.23/turn              s - +2 ring of protection
MPRegen  0.11/turn              r - +3 ring of dexterity

@: protection aura, glowing
A: change form in water, swift swim, stealthy swim
a: Divine Shield, Cleansing Flame, Renounce Religion


You were in the Dungeon.
You worshipped the Shining One.
The Shining One was greatly pleased with you.
You were not hungry.

You visited 1 branch

Inventory:

Hand Weapons
 a - a +0 trident
 o - a +2 halberd of protection (weapon)
Missiles
 d - 3 throwing nets (quivered)
Armour
 b - a +0 leather armour (worn)
 c - a +0 helmet (worn)
 p - a +0 cloak
 q - a +1 chain mail
Jewellery
 r - a +3 ring of dexterity (right hand)
 s - a +2 ring of protection (left hand)
Wands
 n - a wand of iceblast (10)
Scrolls
 k - 2 scrolls of blinking
 l - 3 scrolls of remove curse
 m - 2 scrolls of amnesia
Potions
 e - 5 potions of curing
 g - 2 potions of heal wounds
 h - a potion of haste
 i - 4 potions of magic
 j - a potion of berserk rage
Comestibles
 f - a ration
 t - 5 chunks of flesh


   Skills:
 + Level 13.3 Fighting
 + Level 16.9 Polearms
 - Level 2.0 Throwing
 - Level 4.0 Dodging


You had 7 spell levels left.
You didn't know any spells.
Your spell library was empty.

Dungeon Overview and Level Annotations

Branches:
Dungeon (1/1)

Altars:
Cheibriados
Dithmenos
Elyvilon
Fedhas
Gozag
Hepliaklqana
Kikubaaqudgha
Makhleb
Nemelex Xobeh
Okawaru
Qazlal
Ru
Sif Muna
Trog
Uskayaw
Vehumet
Wu Jian
Xom
Yredelemnul
Zin
The Shining One
Beogh
Jiyva
Lugonu

Annotations:
D Erolcha


Message History

Erolcha points at you and mumbles some strange words.
The stone arrow hits you!! Erolcha misses you.
You hit Erolcha.
Your weapon exudes an aura of protection.
Erolcha is lightly wounded.
Erolcha points at you and mumbles some strange words.
The bolt of lightning misses you.
You completely miss Erolcha.
Erolcha is lightly wounded.
You slash Erolcha!
Erolcha is moderately wounded.
Erolcha hits you with a +0 giant spiked club!!
* * * LOW HITPOINT WARNING * * *
You puncture Erolcha!
Erolcha is heavily wounded.
You hit Erolcha.
Erolcha is heavily wounded.
Erolcha hits you with a +0 giant spiked club!!
You die...

▓▓▓▓▓▓▓▓▓▓▓▓▓▓▓▓▓▓▓▓▓▓▓▓▓▓▓▓▓▓▓▓▓
(..[.)|.!'_______________________
▓▓▓▓▓▓▓▓▓▓▓▓▓▓▓▓▓▓▓▓▓▓▓▓▓▓▓▓▓▓▓▓▓
................@O......
▓▓▓▓▓▓▓▓▓▓▓▓▓▓▓▓▓▓▓▓▓▓▓▓


You could see Erolcha.

Vanquished Creatures
  A kobold demonologist (D)
  A yak (D)
  A sky beast (D)
  3 ogres (D)
  A centaur (D)
  A scorpion (D)
  2 crimson imps (D)
  A hound (D)
  A jelly (D)
  A worker ant (D)
  A shadow imp (D)
  A dart slug (D)
  2 orcs (D)
  A hobgoblin (D)
  A jackal (D)
  A kobold (D)
  A quokka skeleton (D)
  A rat (D)
22 creatures vanquished.

Notes
Turn   | Place    | Note
-------+----------+-------------------------------------------
     0 | D        | Faca the Merfolk Gladiator began the quest for the Orb.
     0 | D        | Reached XP level 1. HP: 16/16 MP: 1/1
     4 | D        | Reached skill level 5 in Polearms
    13 | D        | Reached XP level 2. HP: 25/25 MP: 2/2
    20 | D        | Noticed a crimson imp
    20 | D        | Noticed an ogre
    21 | D        | Reached skill level 6 in Polearms
    28 | D        | Killed an ogre
    28 | D        | Reached skill level 9 in Polearms
    28 | D        | Reached XP level 3. HP: 17/36 MP: 3/3
    28 | D        | Reached XP level 4. HP: 20/43 MP: 4/4
    39 | D        | Reached skill level 10 in Polearms
    39 | D        | Reached XP level 5. HP: 24/48 MP: 5/5
    59 | D        | Reached skill level 11 in Polearms
   310 | D        | Found a roughly hewn altar of Beogh.
   310 | D        | Found a snail-covered altar of Cheibriados.
   310 | D        | Found a shadowy altar of Dithmenos.
   310 | D        | Found a white marble altar of Elyvilon.
   310 | D        | Found a blossoming altar of Fedhas.
   310 | D        | Found an opulent altar of Gozag.
   311 | D        | Found a hazy altar of Hepliaklqana.
   312 | D        | Found a viscous altar of Jiyva.
   313 | D        | Found an ancient bone altar of Kikubaaqudgha.
   314 | D        | Found a corrupted altar of Lugonu.
   315 | D        | Found a burning altar of Makhleb.
   316 | D        | Found a sparkling altar of Nemelex Xobeh.
   317 | D        | Found an iron altar of Okawaru.
   318 | D        | Found a stormy altar of Qazlal.
   319 | D        | Found a sacrificial altar of Ru.
   320 | D        | Found a shimmering blue altar of Sif Muna.
   321 | D        | Found a bloodstained altar of Trog.
   322 | D        | Found a hide-covered altar of Uskayaw.
   323 | D        | Found a radiant altar of Vehumet.
   324 | D        | Found an ornate altar of the Wu Jian Council.
   325 | D        | Found a shimmering altar of Xom.
   326 | D        | Found a basalt altar of Yredelemnul.
   327 | D        | Found a glowing silver altar of Zin.
   328 | D        | Found a glowing golden altar of the Shining One.
   336 | D        | Became a worshipper of the Shining One
   359 | D        | Reached * piety under the Shining One
   359 | D        | Noticed a centaur
   359 | D        | Noticed a yak
   365 | D        | Killed a yak
   365 | D        | Reached skill level 10 in Fighting
   365 | D        | Reached skill level 13 in Polearms
   365 | D        | Reached XP level 6. HP: 59/60 MP: 6/6
   377 | D        | Reached skill level 14 in Polearms
   380 | D        | Reached XP level 7. HP: 59/68 MP: 7/7
   384 | D        | Reached ** piety under the Shining One
   408 | D        | Noticed a kobold demonologist
   408 | D        | Reached *** piety under the Shining One
   410 | D        | Reached **** piety under the Shining One
   413 | D        | Reached skill level 15 in Polearms
   426 | D        | Killed a kobold demonologist
   426 | D        | Reached skill level 16 in Polearms
   426 | D        | Reached XP level 8. HP: 57/78 MP: 8/8
   596 | D        | Noticed Erolcha
   605 | D        | Demolished by Erolcha

Levels and vault maps discovered:
D:        linesprint [early_d, line_temple, items_1, d_10, items_2, lair_1,
          lair_end, items_3, orc_1, orc_end, items_4, d_15, swamp_1, shoals_1,
          snake_1, spider_1, d_20, vaults_1, items_5, swamp_end, shoals_end,
          snake_end, spider_end, vaults_end, d_27, items_6, zot_1, zot_end,
          crypt_end, forest_end, elf_end, slime_end, tomb_end, abyss_end,
          pan_hell_end]

Skill      XL: |  1  2  3  4  5  6  7  8 |
---------------+-------------------------+-----
Polearms       | 5 9 10 13 14 16 | 16.9
Fighting       | 3 7 10 11 12 13 | 13.3
Throwing       | |  2.0
Dodging        | |  4.0

Action                   |  1- 3 |  4- 6 |  7- 9 || total
-------------------------+-------+-------+-------++-------
Melee: Trident           |    18 |    25 |       ||    43
       Halberd           |       |    20 |    37 ||    57
  Use: Potion            |       |     1 |       ||     1
Armor: Leather armour    |       |    13 |     3 ||    16
Dodge: Dodged            |     9 |    25 |    13 ||    47

Table legend:
 A = Non-vault XP
 B = Vault XP
 C = Vault XP percentage of total XP
 D = Non-vault monster count
 E = Vault monster count
 F = Vault count percentage of total count
                 A         B        C        D         E       F
            +---------+---------+-------+---------+---------+-------
      Total |       0 |    1488 | 100.0 |       0 |      22 | 100.0
            +---------+---------+-------+---------+---------+-------
          D |       0 |    1488 | 100.0 |       0 |      22 | 100.0
            +---------+---------+-------+---------+---------+-------
